Map: Oxide LE

Players

Solar - Winner!

  • Race: Zerg Zerg
  • League: Grandmaster
  • Spawn Location: 7:00

Maru

  • Race: Terran Terran
  • League: Master
  • Spawn Location: 1:00

Event: ASUS ROG Online 2020

VOD

Have the link to the VOD?

Description

Time

  • Played on: Nov. 28, 2020, 9 a.m.
  • Length: 15:03

All games in this series

Show
View Real Time Build Order
Export as new Build Order

Solar Zerg - Winner!

Build Orders: Hatch First, Lurkers 

Get SALT Encoding   

  12  0:00  Drone  
  13  0:12  Overlord  
  13  0:16  Drone  
  14  0:31  Drone x2  
  16  0:48  Hatchery  
  15  0:52  Drone  
  15  0:55  Drone  
  17  1:00  Drone  
  18  1:09  Extractor  
  17  1:15  Spawning Pool  
  17  1:17  Drone  
  17  1:21  Drone  
  18  1:29  Drone  
  19  1:39  Drone  
  20  1:49  Drone  
  21  2:01  Zergling x2  
  21  2:02  Zergling x2, Queen x2  
  27  2:11  Overlord  
  27  2:12  Drone  
  28  2:23  Hatchery  
  28  2:27  Drone  
  28  2:30  Drone  
  28  2:37  Queen, Drone  
  30  2:43  Metabolic Boost  
  32  2:47  Overlord  
  32  2:51  Drone  
  33  2:53  Drone  
  33  2:57  Drone x2  
  36  3:09  Drone x5  
  41  3:15  Queen  
  41  3:18  Overlord  
  43  3:22  Drone  
  43  3:27  Overlord  
  44  3:35  Drone x2  
  44  3:36  Queen  
  44  3:41  Drone x4  
  52  3:46  Drone x2  
  52  3:47  Drone x2  
  56  3:49  Drone x2  
  56  3:54  Queen  
  60  3:57  Overlord  
  60  4:02  Evolution Chamber  
  59  4:03  Drone  
  59  4:04  Zergling x4  
  62  4:10  Zergling x4  
  62  4:13  Queen  
  62  4:14  Overlord  
  66  4:17  Zergling x6  
  66  4:20  Zergling x4  
  66  4:22  Zergling x4  
  73  4:24  Drone  
  73  4:26  Overlord  
  74  4:31  Zerg Ground Armor Level 1  
  74  4:34  Zergling x2  
  74  4:35  Zergling x6  
  74  4:36  Overlord  
  78  4:41  Zergling x2  
  78  4:44  Zergling x2  
  79  4:46  Drone  
  79  4:48  Zergling x6, Queen  
  79  4:51  Overlord  
  79  4:52  Zergling x4  
  87  4:57  Zergling x2  
  88  5:01  Zergling x4  
  88  5:04  Extractor  
  88  5:05  Drone x3  
  88  5:06  Zergling x2, Baneling Nest  
  92  5:10  Zergling x2  
  93  5:14  Overlord  
  93  5:16  Drone  
  93  5:20  Drone x2  
  96  5:27  Drone x2  
  98  5:28  Overlord  
  98  5:29  Zergling x8  
  98  5:33  Lair  
  98  5:35  Drone x3  
  105  5:36  Zergling x4  
  105  5:37  Extractor  
  105  5:40  Drone  
  107  5:43  Drone  
  107  5:51  Zergling x4  
  107  5:56  Extractor  
  108  5:59  Zergling x4  
  108  6:02  Zergling x2  
  111  6:05  Overlord  
  111  6:06  Overlord, Baneling x4  
  111  6:07  Baneling x4  
  111  6:08  Baneling  
  111  6:09  Overlord  
  111  6:13  Overlord  
  111  6:15  Overlord  
  111  6:17  Hatchery  
  110  6:24  Zergling x12  
  106  6:32  Zergling x10  
  92  6:34  Centrifical Hooks  
  92  6:36  Zergling x12  
  92  6:38  Extractor  
  97  6:45  Drone x2  
  97  6:46  Drone  
  97  6:52  Zerg Melee Weapons Level 1  
  97  6:53  Drone  
  98  6:55  Baneling x4  
  98  6:56  Evolution Chamber  
  98  6:57  Drone x2  
  99  7:03  Zergling x8  
  99  7:05  Drone  
  99  7:06  Zergling x6, Drone x2  
  99  7:08  Drone  
  110  7:10  Drone  
  110  7:14  Overseer  
  111  7:16  Drone  
  111  7:19  Drone  
  111  7:21  Baneling x4  
  113  7:23  Zergling x2  
  113  7:25  Overlord  
  114  7:30  Zergling x4  
  114  7:34  Zergling x2  
  114  7:35  Baneling x4  
  114  7:36  Zergling x2  
  118  7:39  Overlord  
  118  7:41  Drone  
  119  7:49  Overlord  
  119  7:50  Zergling x18  
  119  7:51  Overlord  
  126  7:58  Overseer, Baneling x2  
  126  7:59  Hydralisk Den, Drone x2  
  126  8:02  Hatchery  
  125  8:08  Queen  
  125  8:09  Overlord  
  125  8:10  Drone x2  
  127  8:13  Drone  
  127  8:16  Drone x6  
  127  8:18  Baneling x2  
  127  8:19  Drone  
  134  8:20  Drone  
  134  8:24  Spore Crawler  
  134  8:30  Grooved Spines, Hydralisk x5  
  144  8:38  Overlord, Overseer  
  144  8:41  Zergling x4  
  144  8:45  Hydralisk  
  145  8:54  Hydralisk x5  
  155  8:56  Overlord  
  155  8:57  Overlord  
  155  9:00  Zergling x4, Baneling x4  
  157  9:03  Overlord  
  157  9:08  Zergling x2  
  157  9:09  Baneling x4  
  158  9:11  Overlord  
  158  9:12  Zerg Ground Armor Level 2  
  158  9:16  Hydralisk x3  
  164  9:17  Extractor  
  164  9:18  Baneling x2  
  160  9:27  Zergling x2  
  160  9:28  Zergling x10  
  152  9:32  Zergling x6  
  152  9:37  Zergling x4  
  157  9:40  Baneling x7  
  157  9:42  Muscular Augments  
  157  9:43  Hydralisk  
  158  9:47  Zergling x2, Baneling x2  
  158  9:48  Zergling x2  
  158  9:52  Zergling x10  
  163  9:53  Zergling x2  
  163  9:54  Zergling x2  
  163  9:57  Baneling x6  
  164  10:00  Zergling x6  
  164  10:01  Baneling x2  
  164  10:04  Baneling x2  
  164  10:05  Zergling x8  
  171  10:11  Overseer  
  151  10:15  Hydralisk x2  
  151  10:16  Zergling x14  
  154  10:21  Hydralisk x2  
  154  10:22  Hydralisk  
  154  10:26  Zergling x8  
  154  10:35  Zergling x8  
  143  10:42  Zergling x10  
  141  10:48  Zergling x12, Infestation Pit  
  141  10:49  Zergling x8  
  139  10:55  Zergling x2  
  135  10:59  Zergling x6  
  135  11:01  Hydralisk  
  138  11:08  Zergling x2  
  137  11:11  Zergling x6  
  137  11:15  Zergling x4  
  137  11:18  Hatchery  
  134  11:21  Zergling x12  
  134  11:23  Baneling x5  
  134  11:25  Hydralisk x3  
  136  11:28  Zerg Melee Weapons Level 2  
  136  11:29  Lurker Den  
  136  11:30  Hive  
  133  11:33  Zergling x4  
  133  11:37  Zergling x6  
  133  11:40  Zergling x6  
  133  11:43  Extractor  
  133  11:44  Zergling x6  
  133  11:45  Zergling x2  
  133  11:46  Zergling x2  
  136  11:55  Baneling x5  
  136  11:57  Zergling x18  
  136  11:58  Drone  
  136  12:00  Drone  
  147  12:03  Drone  
  148  12:10  Drone x4, Evolution Chamber  
  148  12:11  Drone  
  148  12:14  Zergling x8  
  155  12:22  Zergling x8  
  159  12:23  Zergling x4  
  159  12:27  Hydralisk  
  149  12:30  Zergling x2, Baneling x3  
  149  12:33  Zergling x6  
  149  12:35  Zergling x2  
  149  12:37  Zergling x2  
  154  12:39  Overseer  
  154  12:40  Baneling  
  154  12:41  Baneling x16  
  154  12:42  Hydralisk  
  155  12:44  Viper  
  155  12:48  Extractor, Drone x3  
  160  12:56  Seismic Spines, Adrenal Glands  
  159  13:00  Zergling x6  
  161  13:13  Evolution Chamber  
  161  13:18  Lurker x5  
  165  13:21  Spore Crawler  
  165  13:23  Drone x2  
  165  13:25  Zergling x6  
  165  13:26  Zergling x26  
  172  13:35  Drone x5  
  172  13:38  Overseer  
  177  13:41  Drone  
  177  13:42  Drone x3  
  181  13:50  Hydralisk  
  181  13:52  Zergling x4  
  181  13:53  Adaptive Talons  
  181  13:54  Lurker  
  177  13:57  Lurker x2  
  177  13:59  Lurker  
  177  14:01  Lurker  
  179  14:07  Hydralisk x3  
  182  14:11  Pneumatized Carapace  
  182  14:12  Zergling x6  
  182  14:16  Hydralisk  
  187  14:21  Hydralisk x3  
  192  14:30  Baneling x5  
  192  14:31  Zergling x14  
  193  14:33  Zergling x2  
  193  14:34  Zergling x4  
  196  14:41  Zergling x8  
Show
View Real Time Build Order
Export as new Build Order

Maru Terran 

Build Orders: Command Center First (CC) 

Get SALT Encoding   

  12  0:00  SCV  
  13  0:12  SCV  
  14  0:17  Supply Depot  
  14  0:24  SCV  
  15  0:38  SCV  
  16  0:51  SCV  
  17  0:58  Command Center  
  17  1:03  SCV  
  18  1:12  Barracks  
  18  1:15  SCV  
  19  1:27  SCV, Refinery  
  20  1:35  Barracks  
  20  1:39  SCV  
  21  1:42  Refinery  
  21  1:52  SCV  
  22  2:04  Orbital Command  
  22  2:09  Barracks Reactor  
  22  2:10  Orbital Command  
  22  2:21  Barracks Tech Lab  
  22  2:30  SCV  
  24  2:37  SCV  
  24  2:40  Stimpack, Marine  
  24  2:42  SCV  
  26  2:44  Marine  
  26  2:45  Marine  
  26  2:49  SCV  
  29  2:54  SCV  
  29  2:55  Factory, Supply Depot  
  30  2:59  Marine  
  30  3:01  SCV  
  30  3:02  Marine  
  30  3:04  Marine  
  34  3:09  SCV  
  35  3:13  SCV  
  35  3:17  Supply Depot  
  35  3:19  Marine  
  37  3:20  Marine  
  37  3:21  SCV  
  37  3:22  Marine  
  37  3:25  SCV  
  41  3:33  SCV  
  42  3:37  Marine  
  42  3:38  SCV, Marine  
  42  3:39  Marine  
  42  3:40  Factory Reactor, Starport  
  46  3:44  Supply Depot  
  46  3:45  SCV  
  47  3:50  SCV  
  47  3:53  Engineering Bay  
  47  3:55  Refinery  
  48  3:57  SCV  
  48  3:59  Marine  
  48  4:00  Marine x2  
  52  4:03  SCV  
  52  4:09  SCV  
  54  4:15  SCV  
  55  4:17  Supply Depot  
  55  4:20  Terran Infantry Weapons Level 1  
  55  4:21  SCV  
  55  4:22  Medivac x2  
  55  4:23  Factory Tech Lab, Marine x2  
  62  4:31  Supply Depot  
  62  4:34  Barracks  
  62  4:37  Combat Shield  
  62  4:39  SCV x2, Marine  
  62  4:41  Supply Depot  
  65  4:47  Siege Tank  
  65  4:51  SCV x2  
  70  4:53  Marine x2  
  70  4:57  Supply Depot, Marine  
  73  5:05  Medivac  
  75  5:10  Supply Depot, Marine x2  
  77  5:14  Marine  
  77  5:16  SCV  
  77  5:19  Siege Tank  
  82  5:28  Marine x2  
  82  5:33  Supply Depot, Marine x3  
  87  5:37  Starport Reactor  
  87  5:38  SCV  
  87  5:41  SCV  
  89  5:46  Marine x2  
  89  5:48  Supply Depot  
  91  5:51  Marine x3  
  91  5:53  Siege Tank  
  97  6:03  Command Center  
  97  6:04  Marine  
  97  6:05  SCV  
  97  6:09  Refinery  
  97  6:11  Marine x3  
  100  6:12  Marine  
  100  6:14  Terran Infantry Armor Level 1  
  101  6:29  Marine  
  101  6:31  SCV x2  
  101  6:32  Marine x4  
  87  6:33  Armory  
  87  6:34  Engineering Bay, Medivac x2  
  90  6:43  SCV x2  
  89  6:47  Marine  
  89  6:50  Marine x4  
  89  6:51  Factory, Factory Reactor  
  94  6:55  SCV x2  
  96  7:04  Medivac x2  
  96  7:05  Marine  
  96  7:07  SCV x2  
  96  7:08  Marine  
  104  7:16  Marine x3  
  104  7:19  SCV  
  104  7:20  SCV  
  109  7:23  Marine  
  109  7:29  Widow Mine  
  114  7:30  Widow Mine  
  114  7:31  SCV  
  114  7:32  SCV  
  114  7:34  Supply Depot, Marine x2  
  114  7:36  Drilling Claws, Widow Mine  
  120  7:43  SCV  
  120  7:44  SCV  
  122  7:45  Orbital Command  
  122  7:48  Supply Depot  
  122  7:56  Widow Mine, SCV x2  
  126  7:59  Medivac x2  
  126  8:00  Supply Depot  
  130  8:08  Terran Infantry Weapons Level 2, SCV x2  
  130  8:09  Marine  
  133  8:14  Widow Mine x2  
  133  8:16  Barracks  
  133  8:17  Barracks  
  137  8:22  Marine  
  137  8:23  Marine x3  
  141  8:27  Marine  
  141  8:30  Command Center  
  141  8:31  SCV x2  
  141  8:32  Refinery  
  144  8:34  Supply Depot  
  144  8:40  Marine  
  145  8:43  Medivac x2  
  145  8:46  Barracks  
  145  8:47  Barracks x2  
  145  8:48  Terran Infantry Armor Level 2  
  144  8:56  Widow Mine x2  
  144  9:01  Widow Mine  
  147  9:11  Barracks Reactor x2  
  147  9:12  SCV x3  
  150  9:17  Widow Mine  
  150  9:25  Marine x2  
  150  9:27  Widow Mine x2  
  150  9:30  Medivac x2  
  155  9:34  SCV x2  
  154  9:38  Barracks Tech Lab x2, Widow Mine  
  154  9:39  Barracks Tech Lab  
  154  9:40  SCV  
  154  9:43  Supply Depot, Refinery  
  154  9:44  Supply Depot x2  
  156  9:46  SCV x2  
  156  9:49  Widow Mine, Siege Tank, Marine  
  156  9:50  Marauder, Marine x3  
  161  10:00  Widow Mine  
  161  10:06  Marauder x2, Marine x2  
  169  10:07  Marauder  
  169  10:10  Widow Mine  
  169  10:11  Marauder  
  150  10:15  Marine x2  
  150  10:16  SCV  
  150  10:19  Marine  
  150  10:20  SCV  
  150  10:21  Widow Mine, Siege Tank  
  145  10:23  SCV  
  145  10:28  Marauder x3  
  149  10:32  Widow Mine  
  149  10:33  Marauder  
  141  10:38  Marine x3  
  123  10:43  Marine x3  
  123  10:49  Marauder x2, Marine  
  119  10:53  Siege Tank, Marine  
  119  10:56  Marine x3  
  115  10:57  SCV  
  115  11:01  Marine  
  113  11:07  Marauder  
  113  11:09  SCV x2  
  113  11:11  Marauder, SCV  
  106  11:12  Marauder  
  106  11:13  Marine x2  
  104  11:19  Medivac x2  
  104  11:20  Marine  
  104  11:21  SCV  
  104  11:22  Concussive Shells, Marine  
  104  11:24  SCV  
  98  11:26  Widow Mine  
  98  11:28  Widow Mine  
  98  11:29  Marauder  
  98  11:32  Marauder x2  
  99  11:33  Marauder  
  101  11:42  Orbital Command  
  101  11:43  SCV x2  
  103  11:50  Marauder  
  105  11:55  SCV x2  
  105  11:58  Siege Tank  
  110  12:04  Widow Mine x2  
  109  12:21  Medivac x2  
  113  12:25  Widow Mine  
  113  12:26  Widow Mine  
  117  12:30  Widow Mine  
  119  12:38  Marine  
  119  12:40  SCV  
  121  12:48  Widow Mine x2  
  121  12:49  SCV x2  
  127  12:51  Siege Tank, Marine x5  
  127  12:53  Refinery  
  127  12:56  Marine  
  127  12:57  Marauder  
  138  13:00  Marauder  
  140  13:06  SCV  
  140  13:09  Marine  
  136  13:15  Marauder x2, Marine x2  
  136  13:18  Marauder  
  136  13:19  Supply Depot  
  140  13:26  Marauder, Marine  
  143  13:27  Widow Mine  
  143  13:28  Widow Mine  
  143  13:32  Widow Mine  
  149  13:37  Marauder  
  149  13:38  Marauder  
  149  13:39  Marauder  
  151  13:42  Medivac  
  150  13:53  Widow Mine x2, Marine  
  150  13:54  Marauder  
  152  14:00  SCV  
  152  14:02  Orbital Command  
  153  14:04  Supply Depot  
  149  14:22  Marine  
  149  14:23  Marauder x2, Marine x3  
  161  14:24  Marauder x2  
  161  14:34  Widow Mine x2  
Tags
 
Add a new tag
Caveats
  • Supply blocks, unpowered buildings, or Contaminate may cause inaccurate times.
  • Supply counts are checked every 10 seconds.